AoeStats
← sevi85

QS Arena

503418610Analyzed
4v4 RM · 1mo ago on Aug 31, 2026· 25m 41s· 8 players
Game mode
Random Map
Map size
Large (8 player)
Population
200
Speed
Normal
Resources
Standard
Victory
Conquest
Starting age
Dark Age
Ending age
Imperial Age
RankedLock teamsTeams togetherTeam positionsShared explorationLock speedFull tech treeHidden civsTurbo modeCheats
Victory
Defeat
🇯🇵 Britons · Japan
1290
+11
🇲🇽 Hindustanis · Mexico
1283
+11
🇯🇵 Cumans · Japan
1257
+12
🇹🇼 Celts · Taiwan
1225
+14
🇪🇸 Mongols · Spain
1286
-17
🇪🇸 Spanish · Spain
1174
-12
🇹🇼 Bohemians · Taiwan
1158
-11
🇪🇸 Dravidians · Spain
1089
-9
JaSquall7189
8:32 Feudal Age
12:57 Castle Age
10:49 Double-Bit Axe
12:28 Horse Collar
14:01 Heavy Plow
14:17 Bow Saw
16:10 Fervor
15:54 Loom
18:24 Gold Mining
19:12 Forging
20:01 Sanctity
20:42 Wheelbarrow
22:09 Hand Cart
22:24 Scale Barding Armor
23:28 Iron Casting
22:43 Fletching
25:07 Bloodlines
24:58 Husbandry
sevi85
3:02 Loom
9:03 Feudal Age
13:43 Castle Age
12:16 Town Watch
12:15 Horse Collar
12:23 Double-Bit Axe
13:56 Wheelbarrow
13:07 Town Watch
13:32 Town Watch
15:18 Bow Saw
20:06 Hand Cart
22:22 Fortified Wall
Mesq6000
4:49 Loom
8:12 Feudal Age
9:21 Double-Bit Axe
11:43 Castle Age
10:07 Horse Collar
12:52 Bow Saw
18:02 Fletching
這輩子就這樣了
8:23 Feudal Age
12:01 Castle Age
9:51 Double-Bit Axe
15:23 Horse Collar
16:02 Bow Saw
17:09 Loom
19:24 Horse Collar
20:38 Wheelbarrow
19:49 Town Watch
23:01 Pikeman
23:41 Squires
25:03 Chemistry
26:41 Imperial Age
24:45 Hand Cart
26:08 Ballistics
25:52 Scale Mail Armor
25:43 Fletching
Dracarys2306
9:26 Feudal Age
13:07 Castle Age
12:04 Double-Bit Axe
12:53 Fletching
12:47 Horse Collar
15:09 Scale Mail Armor
24:00 Loom
sada-aki
6:38 Loom
8:42 Feudal Age
9:29 Double-Bit Axe
13:13 Castle Age
12:00 Horse Collar
14:07 Bow Saw
21:25 Treadmill Crane
24:09 Gold Mining
24:12 Stone Mining
27:40 Imperial Age
25:06 Fletching
25:17 Padded Archer Armor
25:45 Ballistics
26:20 Wheelbarrow
26:39 Coinage
DeeperDeeper
8:13 Feudal Age
12:05 Castle Age
10:09 Double-Bit Axe
11:07 Stone Mining
11:00 Horse Collar
11:45 Loom
13:24 Bow Saw
19:11 Scale Mail Armor
21:11 Forging
20:53 Town Watch
22:10 Fletching
25:22 Wheelbarrow
25:28 Iron Casting
25:08 Chain Mail Armor
26:02 Chain Mail Armor
alien
6:05 Feudal Age
6:53 Horse Collar
12:56 Double-Bit Axe
18:27 Castle Age
17:40 Wheelbarrow
17:05 Loom
19:02 Bloodlines
18:59 Scale Barding Armor
19:04 Forging
20:42 Gold Mining
25:37 Imperial Age
Connection lost

Rejoining the realm…

Still unreachable

The connection could not be restored.

Session expired

The server has moved on; the page needs a fresh start.